 Dungeon Crawl Stone Soup version 0.20.0 (webtiles) character file.

68 BarneyGumball the Chopper (level 4, -4/39 HPs)
             Began as a Hill Orc Fighter on June 4, 2017.
             Killed from afar by an orc wizard (12 damage)
             ... with a puff of frost
             ... on level 3 of the Dungeon.
             The game lasted 00:05:47 (2061 turns).

BarneyGumball the Chopper (Hill Orc Fighter)        Turns: 2061, Time: 00:05:48

Health: -4/39      AC:  9    Str: 18    XL:     4   Next: 19%
Magic:  4/4        EV:  7    Int:  8    God:
Gold:   171        SH:  9    Dex: 11    Spells: 3/3 levels left

rFire    . . .     SeeInvis .   a - +0 war axe
rCold    . . .     Gourm    .   c - +0 shield
rNeg     . . .     Faith    .   b - +0 scale mail
rPois    .         Spirit   .   (no helmet)
rElec    .         Reflect  .   (no cloak)
rCorr    .         Harm     .   o - +1 pair of gloves
MR       .....                  (no boots)
Stlth    ..........             (no amulet)
Regen    0.2/turn               (no ring)
MPRegen  0.1/turn               (no ring)

@: no status effects
A: no striking features
a: no special abilities


You were on level 3 of the Dungeon.
You were not hungry.

You visited 1 branch of the dungeon, and saw 3 of its levels.

You collected 171 gold pieces.

Inventory:

Hand Weapons
 a - a +0 war axe (weapon)
Armour
 b - a +0 scale mail (worn)
 c - a +0 shield (worn)
 o - a +1 pair of gloves (worn)
Wands
 p - a wand of enslavement (11/24)
 r - a wand of flame (11/48)
Scrolls
 g - a scroll of immolation {unknown}
 h - 8 scrolls of identify {unknown}
 l - a scroll of fear {unknown}
 m - a scroll of remove curse {unknown}
 s - a scroll of fog {unknown}
Potions
 d - a potion of might
 e - 5 potions of curing {unknown}
 i - a potion of brilliance {unknown}
 j - a potion of magic {unknown}
 t - a potion of heal wounds {unknown}
 u - a potion of degeneration {unknown}
Comestibles
 f - 3 bread rations
 k - 5 fruits
 n - a meat ration


   Skills:
 - Level 3.6 Fighting
 + Level 5.7 Axes
 - Level 3.2 Armour
 - Level 3.2 Shields


You had 3 spell levels left.
You didn't know any spells.

Dungeon Overview and Level Annotations

Branches:
Dungeon (3/15)

Altars:
Trog


Message History

The puff of flame hits you! You block the orc's attack.
You miss something.
Something hits you but does no damage. x2
You block the orc's attack.
Your shield and scale mail prevent you from hitting something.
Something hits you. You block the orc's attack.
Something hits you but does no damage. Something hits you but does no damage.
Something hits you but does no damage. Something hits you.
You hear some strange, mumbled words.
A puff of frost appears from out of thin air!
The puff of frost hits you!
* * * LOW HITPOINT WARNING * * *
You hear some strange, mumbled words.
A puff of flame appears from out of thin air!
The puff of flame misses you.
You hear some strange, mumbled words.
A puff of frost appears from out of thin air!
The puff of frost hits you!
You die...

#.............#
#.......#.#...#####
#.......#..........
#..................
#.......#.....#....
#.............#..##
#####.......##.#.....#
#......#######.......#
##.####@# ###.##..#
.)..##.# #.#...#
#.#†##.# ## #.# #.#
#.#.##o# #.## #.# .#
#..>.o.# #...###
###o#####.......
#...oo)....#
#########.##


You could see 2 orcs.

Vanquished Creatures
  2 oozes (D:1)
  4 worms (D:2)
  2 dart slugs (D:1)
  A leopard gecko (D:2)
  2 orcs (D:3)
  A giant cockroach (D:1)
  8 goblins
  6 hobgoblins
  2 kobolds
  A quokka (D:2)
  A ball python (D:1)
  5 bats
  2 frilled lizards (D:2)
  4 rats
41 creatures vanquished.

Notes
Turn   | Place    | Note
-------+----------+-------------------------------------------
     0 | D:1      | BarneyGumball the Hill Orc Fighter began the quest for the Orb.
     0 | D:1      | Reached XP level 1. HP: 19/19 MP: 1/1
    15 | D:1      | Reached skill level 3 in Axes
    70 | D:1      | Reached XP level 2. HP: 26/26 MP: 2/2
   280 | D:1      | Reached skill level 4 in Axes
   649 | D:1      | Reached XP level 3. HP: 28/31 MP: 3/3
  1171 | D:2      | Reached skill level 5 in Axes
  1776 | D:2      | Reached XP level 4. HP: 39/39 MP: 4/4
  1831 | D:2      | Found a bloodstained altar of Trog.
  2061 | D:3      | Killed from afar by an orc wizard

Skill      XL: |  1  2  3 |
---------------+----------+-----
Axes           | 3 4 5 |  5.7
Fighting       | |  3.6
Armour         | |  3.2
Shields        | |  3.2

Action                   |  1- 3 |  4- 6 || total
-------------------------+-------+-------++-------
Melee: War axe           |    89 |    33 ||   122
  Eat: Chunk             |     2 |     2 ||     4
Armor: Scale mail        |    29 |    17 ||    46
Dodge: Dodged            |    20 |     6 ||    26
Block: Shield            |    35 |    19 ||    54
